 Dungeon Crawl Stone Soup version 0.20-a0-795-ga03948b (webtiles) character file.

522 Alarkh the Digger (level 7, -4/46 HPs)
             Began as a Demonspawn Earth Elementalist on Mar 2, 2017.
             Slain by Duvessa
             ... wielding a +1 short sword of electrocution
              (20 damage)
             ... on level 4 of the Dungeon.
             The game lasted 00:07:33 (6049 turns).

Alarkh the Digger (Demonspawn Earth Elementalist)   Turns: 6049, Time: 00:07:34

Health: -4/46      AC:  6    Str:  8    XL:     7   Next: 1%
Magic:  6/14       EV: 12    Int: 19    God:
Gold:   209        SH:  0    Dex: 13    Spells: 10/16 levels left

rFire    + . .     SeeInvis .   a - +2 dagger (venom)
rCold    . . .     Gourm    .   c - +0 robe
rNeg     . . .     Faith    .   (no shield)
rPois    .         Spirit   .   i - +0 helmet
rElec    .         Reflect  .   w - +0 cloak
rCorr    .         Harm     .   (no gloves)
MR       .....                  (no boots)
Stlth    ++........             (no amulet)
Regen    0.2/turn               (no ring)
MPRegen  0.2/turn               s - ring of protection from fire

@: very slightly contaminated
A: talons 1, thin metallic scales 1, powered by pain 2
a: no special abilities


You were on level 4 of the Dungeon.
You were not hungry.

You visited 1 branch of the dungeon, and saw 4 of its levels.

You collected 209 gold pieces.

Inventory:

Hand Weapons
 a - a +2 dagger of venom (weapon)
 b - a +0 falchion
 l - a +0 dagger
 m - a +2 quarterstaff of chaos
Missiles
 r - 89 stones (quivered)
Armour
 c - a +0 robe (worn)
 i - a +0 helmet (worn)
 w - a +0 cloak (worn)
Jewellery
 s - a ring of protection from fire (left hand)
Scrolls
 e - a scroll of identify
 h - 2 scrolls of teleportation
 k - 2 scrolls of remove curse
 q - a scroll of magic mapping {unknown}
 v - a scroll of enchant armour {unknown}
Potions
 g - a potion of flight
 j - 2 potions of brilliance
 t - a potion of curing
Books
 f - a book of Geomancy

   Spells                             Type                      Level
   a - Sandblast                      Earth                        1
   b - Passwall                       Transmutation/Earth          2
   c - Stone Arrow                    Conjuration/Earth            3
   d - Petrify                        Transmutation/Earth          4
   e - Lee's Rapid Deconstruction     Earth                        5
 o - a book of Necromancy

   Spells                             Type                      Level
   a - Pain                           Necromancy                   1
   b - Animate Skeleton               Necromancy                   1
   c - Vampiric Draining              Necromancy                   3
   d - Regeneration                   Charms/Necromancy            3
   e - Animate Dead                   Necromancy                   4
   f - Control Undead                 Necromancy                   4
Comestibles
 d - 4 bread rations
 n - 4 fruits
 p - a meat ration
 u - 4 chunks of flesh


   Skills:
 - Level 1.7 Dodging
 - Level 1.7 Stealth
 + Level 5.2 Spellcasting
 + Level 0.6 Conjurations
 - Level 0.8 Transmutations
 + Level 5.3 Earth Magic


You had 10 spell levels left.
You knew the following spells:

 Your Spells              Type           Power        Failure   Level  Hunger
a - Sandblast             Erth           ####..       1%          1    None
b - Passwall              Tmut/Erth      ###.......   8%          2    #......
e - Stone Arrow           Conj/Erth      ###...       12%         3    ##.....


Dungeon Overview and Level Annotations

Branches:
Dungeon (4/15)
 Temple: D:4-7

Altars:
Fedhas
Qazlal
Vehumet

Annotations:
D:2 exclusion: oklob plant
D:4 Dowan, Duvessa


Innate Abilities, Weirdness & Mutations

You have sharp toenails.
You are partially covered in thin metallic scales. (AC +2)
You sometimes gain power by taking damage.


Message History

Aiming: Sandblast
Press: ? - help, Shift-Dir - straight line, f - Duvessa
Aim: Duvessa, wielding a short sword of electrocution and wearing a ring mail (fast)
The blast of sand hits Duvessa.
r - 89 stones Duvessa says, "When magic and the sword combine, nothing stands against them."
Duvessa hits you with a short sword of electrocution!
Casting: Sandblast
Confirm with . or Enter, or press ? or * to list all spells.
Aiming: Stone Arrow
Press: ? - help, Shift-Dir - straight line, f/p - Duvessa
Aim: Duvessa, wielding a short sword of electrocution and wearing a ring mail (fast)
You miscast Stone Arrow.
You are very lightly contaminated with residual magic.
Your skin glows momentarily.
Duvessa hits you but does no damage.
Dowan casts a spell.
Dowan blinks!
Duvessa hits you with a short sword of electrocution.
You are electrocuted!
You die...

.....
###...#
..$..
... #.#
#e# #†#
#e######
#...§e@#
########


You could see Duvessa and Dowan.

Vanquished Creatures
  A phantom (D:3)
  2 orc priests (D:3)
  A hound (D:4)
  An iguana (D:4)
  Crazy Yiuf (D:3)
  Jessica (D:3)
  Robin (D:3)
  10 adders
  3 gnolls (D:2)
  2 worms
  2 dart slugs
  4 leopard geckos
  6 orcs
  8 bats
  6 giant cockroaches
  20 goblins
  11 hobgoblins
  9 jackals
  8 kobolds
  6 quokkas
  A ball python (D:3)
  5 frilled lizards
  6 rats
115 creatures vanquished.

Vanquished Creatures (others)
  A leopard gecko (D:3)
  2 fungi (D:2)
  A plant (D:2)
4 creatures vanquished.

Grand Total: 119 creatures vanquished

Notes
Turn   | Place    | Note
-------+----------+-------------------------------------------
     0 | D:1      | Alarkh the Demonspawn Earth Elementalist began the quest for the Orb.
     0 | D:1      | Reached XP level 1. HP: 13/13 MP: 3/3
   388 | D:1      | Gained mutation: You sometimes gain a little power by taking damage. [demonic ancestry]
   388 | D:1      | Reached XP level 2. HP: 19/19 MP: 3/5
  1304 | D:1      | Reached XP level 3. HP: 23/24 MP: 7/7
  1447 | D:2      | Found a radiant altar of Vehumet.
  1934 | D:2      | Gained mutation: You are partially covered in thin metallic scales. (AC +2) [demonic ancestry]
  1934 | D:2      | Reached XP level 4. HP: 15/30 MP: 4/8
  2126 | D:2      | Found a blossoming altar of Fedhas.
  2148 | D:2      | Noticed an oklob plant
  2601 | D:2      | Learned a level 2 spell: Passwall
  2605 | D:2      | Learned a level 3 spell: Stone Arrow
  3100 | D:3      | Reached XP level 5. HP: 35/35 MP: 7/10
  3811 | D:3      | Noticed Robin
  3838 | D:3      | Killed Robin
  4207 | D:3      | Noticed Jessica
  4241 | D:3      | Killed Jessica
  4803 | D:3      | Gained mutation: You sometimes gain power by taking damage. [demonic ancestry]
  4803 | D:3      | Reached XP level 6. HP: 20/41 MP: 5/12
  5111 | D:3      | Found a stormy altar of Qazlal.
  5217 | D:3      | Reached skill level 5 in Earth Magic
  5579 | D:3      | Found a runed door.
  5696 | D:3      | Reached skill level 5 in Spellcasting
  5894 | D:3      | Noticed Crazy Yiuf
  5897 | D:3      | Killed Crazy Yiuf
  6024 | D:4      | Noticed Dowan
  6037 | D:4      | Noticed Duvessa
  6042 | D:4      | Gained mutation: You have sharp toenails. [demonic ancestry]
  6042 | D:4      | Reached XP level 7. HP: 44/46 MP: 8/14
  6049 | D:4      | Slain by Duvessa

Vault maps used:
D:1:      sevenhm_arrival_forest_fort_small_6
D:2:      overflow_temple_1_default, grunt_decor_fettered, tgw_fedhas
D:3:      grunt_qazlal_clouds, serial_bayou, serial_bayou_pond_c,
          serial_bayou_lagoon_a, serial_bayou_pond_b, serial_bayou_pond_c,
          serial_bayou_pond_c, minmay_misc_feat_tiny, uniq_jessica, uniq_robin,
          uniq_crazy_yiuf_cottage
D:4:      first_bread, uniq_duvessa

Skill      XL: |  1  2  3  4  5  6 |
---------------+-------------------+-----
Earth Magic    | 3 4 5 |  5.3
Spellcasting   | 3 4 5 |  5.2
Dodging        | |  1.7
Stealth        | |  1.7
Conjurations   | |  0.6
Transmutations | |  0.8

Action                   |  1- 3 |  4- 6 |  7- 9 || total
-------------------------+-------+-------+-------++-------
Melee: Unarmed           |    27 |       |       ||    27
       Dagger            |    47 |    84 |       ||   131
       Falchion          |    10 |   210 |       ||   220
 Cast: Sandblast         |    37 |    28 |     1 ||    66
       Stone Arrow       |       |    12 |       ||    12
  Use: Scroll            |     1 |     5 |       ||     6
       Potion            |       |     2 |       ||     2
 Stab: Sleeping          |     3 |     4 |       ||     7
       Distracted        |       |     1 |       ||     1
  Eat: Chunk             |     3 |    15 |       ||    18
Armor: Robe              |    38 |   129 |     2 ||   169
Dodge: Dodged            |    88 |   241 |     1 ||   330
       Rpst.: Falchion   |     2 |    50 |       ||    52
